 Dungeon Crawl Stone Soup version 0.28-a0-1387-g3a22ab9bdc (webtiles) character file.

Game seed: 13297695797941381672

78 ragingrage the Charlatan (level 4, -4/28 HPs)
             Began as a Gargoyle Artificer on Jan 3, 2022.
             Slain by a wyvern zombie (7 damage)
             ... on level 3 of the Dungeon.
             The game lasted 00:01:30 (2620 turns).

ragingrage the Charlatan (Gargoyle Artificer)       Turns: 2620, Time: 00:01:30

Health: -4/28      AC:  9    Str: 18    XL:     4   Next: 36%
Magic:  4/4        EV: 10    Int: 11    God:
Gold:   88         SH:  0    Dex: 10    Spells: 3/3 levels left

rFire   . . .      SeeInvis +   i - +0 mace
rCold   . . .      Faith    .   (no shield)
rNeg    + . .      Spirit   .   k - +0 ring mail
rPois   ∞          Reflect  .   (no helmet)
rElec   +          Harm     .   (no cloak)
rCorr   .          Rampage  .   (no gloves)
Will    .....                   (no boots)
Stlth   +.........              (no amulet)
HPRegen 0.09/turn               a - ring of see invisible
MPRegen 0.09/turn               (no ring)

@: no status effects
A: sickness immunity, AC +3, negative energy resistance 1, electricity
resistance, torment resistance 1, petrification resistance
a: no special abilities


You were on level 3 of the Dungeon.
You visited 1 branch of the dungeon, and saw 3 of its levels.

You collected 88 gold pieces.

Inventory:

Hand Weapons
 i - a +0 mace (weapon)
Armour
 k - a +0 ring mail (worn)
Jewellery
 a - a ring of see invisible (left hand)
Wands
 c - a wand of flame (10) (quivered)
 d - a wand of charming (14)
Scrolls
 b - a scroll of brand weapon {unknown}
 j - 4 scrolls of amnesia {unknown}
Potions
 f - a potion of flight {unknown}
 g - a potion of attraction {unknown}
 h - a potion of curing {unknown}
 l - a potion of haste {unknown}
 m - a potion of heal wounds {unknown}
Miscellaneous
 e - a piece from Xom's chessboard (15/15)


   Skills:
 + Level 3.2 Fighting
 - Level 2.1 Armour
 - Level 0.7 Dodging
 - Level 1.1 Stealth
 + Level 3.7 Evocations


You had 3 spell levels left.
You didn't know any spells.
Your spell library contained the following spells:

 Spells                   Type           Power      Damage    Failure   Level
 Magic Dart               Conj           0%         1d3       52%         1
 Searing Ray              Conj           0%         2d4       67%         2
 Wereblood                Tmut           0%         N/A       67%         2
 Fulminant Prism          Conj/Hex       0%         3d6       99%         4
 Summon Hydra             Summ           0%         N/A       100%        7
 Sublimation of Blood     Necr           Unusable   N/A       N/A         2

Dungeon Overview and Level Annotations

Branches:
Dungeon (3/15)

Altars:


Innate Abilities, Weirdness & Mutations

You are immune to sickness and miasma.
Your stone body is resilient. (AC +3)
You are immune to poison.
You resist negative energy. (rN+)
You are resistant to electric shocks. (rElec)
You are resistant to unholy torment.
You are immune to petrification.


Message History

The wyvern zombie is lightly damaged.
The wyvern zombie bites you!
The wyvern zombie bites you but does no damage.
Aiming: Throw Flame
Press: ? - help, Shift-Dir - straight line, f - wyvern zombie
Aim: a wyvern zombie (lightly damaged, 90% to hit)
The puff of flame hits the wyvern zombie!
The wyvern zombie is heavily damaged.
The wyvern zombie bites you but does no damage.
The wyvern zombie barely misses you.
Aiming: Throw Flame
Press: ? - help, Shift-Dir - straight line, f/p - wyvern zombie
Aim: a wyvern zombie (heavily damaged, 90% to hit)
The puff of flame hits the wyvern zombie.
The wyvern zombie is heavily damaged.
The wyvern zombie bites you.
Hit: i) +0 mace
Press: ? - help, Dir - move target, f/p - wyvern zombie
Aim: a wyvern zombie (heavily damaged, about 23% to evade your +0 mace)
Okay, then.
Aiming: Throw Flame
Press: ? - help, Shift-Dir - straight line, f/p - wyvern zombie
Aim: a wyvern zombie (heavily damaged, 90% to hit)
The puff of flame hits the wyvern zombie.
The wyvern zombie is severely damaged.
The wyvern zombie barely misses you.
Aiming: Throw Flame
Press: ? - help, Shift-Dir - straight line, f/p - wyvern zombie
Aim: a wyvern zombie (severely damaged, 90% to hit)
The puff of flame hits the wyvern zombie.
The wyvern zombie is severely damaged.
The wyvern zombie bites you.
* * * LOW HITPOINT WARNING * * *
Aiming: Throw Flame
Press: ? - help, Shift-Dir - straight line, f/p - wyvern zombie
Aim: a wyvern zombie (severely damaged, 90% to hit)
The puff of flame hits the wyvern zombie!
The wyvern zombie is almost destroyed.
The wyvern zombie bites you!
You die...

... #.# #.# #.# #.#
#.# .# #Z# #.# #@#
#.# #.# #.# #.# #.#
#.# #.# #.####.##
#.......#########
#.########..##......#
............#.......#
#.#######...#.......#


You could see a wyvern zombie.

Vanquished Creatures
  5 adders
  3 ball pythons
  2 endoplasms
  4 goblins (D:2)
  3 hobgoblins
  2 jackals (D:2)
  2 kobolds (D:1)
  2 quokkas (D:1)
  4 bats
  4 frilled lizards
  4 rats
35 creatures vanquished.

Vanquished Creatures (others)
  A goblin (D:2)
1 creature vanquished.

Grand Total: 36 creatures vanquished

Notes
Turn   | Place    | Note
-------+----------+-------------------------------------------
     0 | D:1      | ragingrage the Gargoyle Artificer began the quest for the
                  | Orb.
     0 | D:1      | Reached XP level 1. HP: 12/12 MP: 1/1
   664 | D:1      | Reached XP level 2. HP: 16/17 MP: 2/2
  1304 | D:2      | Reached XP level 3. HP: 9/21 MP: 3/3
  2074 | D:2      | Reached XP level 4. HP: 23/27 MP: 4/4
  2620 | D:3      | Slain by a wyvern zombie

Illustrated notes

Levels and vault maps discovered:
D:1:      tarquinn_simple_flora_water_a, layout_basic
D:2:      layout_basic, minmay_between
D:3:      layout_basic, serial_shops, nicolae_square_shop, shop, shop, shop,
          hellmonk_ecumenical_altar_crossroads, hangedman_decor_growths

Skill      XL: |  1  2  3  4 |
---------------+-------------+-----
Evocations     | 3 |  3.7
Fighting       | 2 3 |  3.2
Armour         | |  2.1
Dodging        | |  0.7
Stealth        | |  1.1

Action                   |  1- 3 |  4- 6 || total
-------------------------+-------+-------++-------
Melee: Club              |    25 |       ||    25
       Mace              |    94 |    27 ||   121
Evoke: Wand              |     1 |     5 ||     6
Armor: Leather armour    |    22 |       ||    22
       Ring mail         |    46 |    16 ||    62
Dodge: Dodged            |    86 |    22 ||   108

Table legend: (Time is in decaauts)
 A = Elapsed time spent in this place.
 B = Non-inter-level travel time spent in this place.
 C = Inter-level travel time spent in this place.
 D = Time resting spent in this place.
 E = Time spent auto-exploring this place.
 F = Levels seen in this place.
 G = Mean time per level.
                   A        B        C        D        E       F      G
               +--------+--------+--------+--------+--------+-----+--------+
         Total |   2674 |   2629 |     45 |    594 |   1638 |   3 |  891.3 |
       Dungeon |   2674 |   2629 |     45 |    594 |   1638 |   3 |  891.3 |
               +--------+--------+--------+--------+--------+-----+--------+

Top non-repeatable levels by time:
     D:2: 1376 daAuts
     D:1: 1156 daAuts
     D:3: 141 daAuts
